 Dungeon Crawl Stone Soup version 0.18.1-48-g4cf74bf (webtiles) character file.

6627 Kisielow the Transmogrifier (level 11, -7/87 HPs)
             Began as a Merfolk Transmuter on Aug 31, 2016.
             Was an Elder of Okawaru.
             Mangled by an orc warrior
             ... wielding a +0 spear
              (20 damage)
             ... in a bailey.
             The game lasted 00:29:48 (13221 turns).

Kisielow the Transmogrifier (Merfolk Transmuter)   Turns: 13221, Time: 00:29:50

Health: -7/87      AC:  2    Str: 11    XL:     11   Next: 2%
Magic:  19/23      EV: 33    Int: 15    God:    Okawaru [****..]
Gold:   424        SH:  0    Dex: 20    Spells: 3 memorised, 2 levels left

rFire  . . .     SeeInvis .       - Unarmed
rCold  . . .     Gourm    .     (armour currently unavailable)
rNeg   . . .     Faith    .     (shield currently unavailable)
rPois  x         Spirit   .     (helmet currently unavailable)
rElec  .         Dismiss  .     (cloak currently unavailable)
rCorr  .         Reflect  .     (gloves currently unavailable)
SustAt .         Harm     .     (boots currently unavailable)
MR     .....                    (no amulet)
Stlth  ++........               (no ring)
                                k - ring of magical power

@: spider-form, not resistant to hostile enchantments, unstealthy
A: (change form in water), (swift swim), (antennae 0), repulsion field 1, (cold
resistance 0), mutation resistance 1
a: End Transformation, Heroism, Renounce Religion


You were in a bailey.
You worshipped Okawaru.
Okawaru was greatly pleased with you.
You were not hungry.
You were a venomous arachnid creature.
You visited 2 branches of the dungeon, and saw 10 of its levels.
You also visited: Bailey.

You collected 424 gold pieces.

Inventory:

Missiles
 a - 110 arrows
Armour
 b - a +0 robe (melded)
Jewellery
 k - a ring of magical power (left front leg)
Wands
 h - a wand of digging (3/24)
 l - a wand of iceblast (11/15)
 n - a wand of slowing (19/48)
 r - a wand of slowing (13/48)
 v - a wand of confusion (20/48)
 z - a wand of lightning (8/15)
Scrolls
 e - 2 scrolls of remove curse
 o - 2 scrolls of fog
 p - a scroll of fear
 y - a scroll of identify
 A - 2 scrolls of enchant weapon
Potions
 i - 2 potions of lignification
 m - a potion of flight
 q - a potion of haste
 s - a potion of brilliance
Books
 c - a book of Changes

   Spells                             Type                      Level
   a - Beastly Appendage              Transmutation                1
   b - Sticks to Snakes               Transmutation                2
   c - Spider Form                    Transmutation/Poison         3
   d - Ice Form                       Ice/Transmutation            4
   e - Blade Hands                    Transmutation                5
 g - a book of Power

   Spells                             Type                      Level
   a - Fulminant Prism                Conjuration/Hexes            4
   b - Iskenderun's Mystic Blast      Conjuration                  4
   c - Venom Bolt                     Conjuration/Poison           5
   d - Bolt of Magma                  Conjuration/Fire/Earth       5
   e - Iron Shot                      Conjuration/Earth            6
   f - Orb of Destruction             Conjuration                  7
   g - Spellforged Servitor           Conjuration/Summoning        7
Comestibles
 d - 4 bread rations
 f - 3 meat rations
 j - 3 beef jerkies
 t - a slice of pizza
 u - a royal jelly
 w - 5 fruits
 x - 4 chunks of flesh


   Skills:
 + Level 8.7 Fighting
 + Level 10.1 Dodging
 - Level 10.0 Unarmed Combat
 - Level 2.0 Spellcasting
 * Level 11.6 Transmutations


You had 2 spell levels left.
You knew the following spells:

 Your Spells              Type           Power        Failure   Level  Hunger
e - Ice Form              Ice/Trmt       ###.....     45%         4    #####..
q - Spider Form           Trmt/Pois      ###.......   24%         3    ###....
w - Blade Hands           Trmt           #####.....   17%         5    ######.


Dungeon Overview and Level Annotations

Branches:
Dungeon (9/15)             Temple (1/1) D:4            Lair (0/8) D:9
    Orc: D:9-12

Altars:
Ashenzari
Cheibriados
Dithmenos
Elyvilon
Fedhas
Gozag
Kikubaaqudgha
Makhleb
Nemelex Xobeh
Okawaru
Pakellas
Qazlal
Ru
Sif Muna
Trog
Vehumet
Xom
Yredelemnul
Zin
The Shining One

Shops:
D:5 *!*(


Innate Abilities, Weirdness & Mutations

((You revert to your normal form in water.))
((You are very nimble and swift while swimming.))
((You have a pair of small antennae on your head.))
You are surrounded by a mild repulsion field (EV +2).
((Your flesh is cold resistant.))
You are somewhat resistant to further mutation.


Message History

You hit the orc warrior but do no damage.
The orc warrior is poisoned.
The orc warrior is lightly wounded.
The orc warrior completely misses you. x2
You bite the orc warrior!
The orc warrior looks even sicker.
The orc warrior is heavily wounded.
The orc warrior barely misses you. The orc warrior completely misses you.
You barely miss the orc warrior.
The orc warrior is severely wounded.
Your transformation has ended.
Your +0 robe unmelds from your body.
The orc warrior no longer looks unusually strong.
The orc warrior completely misses you.
Casting: Spider Form
Confirm with . or Enter, or press ? or * to list all spells.
You turn into a venomous arachnid creature.
Your +0 robe melds into your body.
The orc warrior no longer looks unusually strong.
The orc warrior misses you. The orc warrior hits you with a spear!!
You die...

..≈..^..≈≈≈≈≈≈≈≈ ..≈##.##≈≈≈≈≈≈≈
..(≈#.#≈≈≈≈≈≈#######
..≈≈≈≈≈≈≈≈≈≈≈##≈≈≈≈##
..≈≈≈≈≈≈≈≈≈≈≈##≈≈≈≈≈##
..≈≈≈≈≈≈≈≈≈≈≈##'''#≈≈##
..≈≈≈≈≈≈≈##≈≈##∩.∩##≈≈#
..≈≈≈≈≈≈≈##≈####'####≈#
..))≈≈≈≈≈##≈).#.s.#)'≈#
..≈≈≈≈≈≈≈##)###o8o###≈#
..≈≈≈≈≈≈≈##≈).#o.)#)'≈#
..≈≈≈≈≈≈≈##)#########≈##≈≈≈≈≈≈≈..
..≈≈≈≈≈≈≈≈#≈≈##.#.##≈≈#≈≈≈≈≈≈≈≈..
..≈≈≈≈≈≈≈≈##≈≈#'#'#≈≈##≈≈≈≈≈≈≈≈..
..≈≈≈≈≈≈≈≈≈##≈≈≈≈≈≈≈##≈≈≈≈≈≈≈≈≈..
..≈≈≈≈≈≈≈≈≈≈#########≈≈≈≈≈≈≈≈≈≈..
..≈≈#.#≈≈≈≈≈≈≈≈###≈≈≈≈≈≈≈≈#.#≈≈..


You could see 3 orc warriors.

Vanquished Creatures
  An orc knight (Bailey)
  Pikel (D:7)
  Joseph (D:7)
  An elephant (D:9)
  2 hungry ghosts
  Menkaure (D:7)
  A water moccasin (D:9)
  8 orc warriors
  A slave (D:7)
  3 sky beasts
  A wasp (D:8)
  3 phantoms
  An ogre (D:4)
  A black bear (D:6)
  2 centaurs
  2 big kobolds
  5 giant frogs
  5 scorpions
  8 killer bees
  3 crimson imps
  A centaur zombie (D:7)
  8 hounds
  6 orc priests
  A jelly (D:8)
  2 giant frog skeletons
  13 orc wizards
  An iguana (D:8)
  Terence (D:3)
  Natasha (thrice) (D:3)
  12 worker ants
  2 sheep (D:9)
  A hound zombie (D:7)
  A hound skeleton (D:5)
  A worker ant zombie (D:6)
  5 gnolls
  8 adders
  A shadow imp (D:8)
  3 oozes
  An adder zombie (D:6)
  7 worms
  2 dart slugs (D:1)
  8 giant geckos
  43 orcs
  A ball python (D:2)
  15 giant cockroaches
  10 goblins
  10 hobgoblins
  22 jackals
  16 kobolds
  6 quokkas
  3 bats (D:1)
  A giant gecko skeleton (D:5)
  4 giant newts
  2 quokka skeletons (D:4)
  5 rats
277 creatures vanquished.

Vanquished Creatures (others)
  A slave (D:7)
  An orc wizard (D:7)
  An orc (D:7)
3 creatures vanquished.

Grand Total: 280 creatures vanquished

Notes
Turn   | Place    | Note
--------------------------------------------------------------
     0 | D:1      | Kisielow the Merfolk Transmuter began the quest for the Orb.
     0 | D:1      | Reached XP level 1. HP: 15/15 MP: 3/3
   154 | D:1      | Reached XP level 2. HP: 13/21 MP: 3/5
  1193 | D:2      | Reached XP level 3. HP: 26/26 MP: 4/6
  1226 | D:1      | Learned a level 3 spell: Spider Form
  1354 | D:2      | Reached skill level 3 in Transmutations
  1694 | D:2      | Reached skill level 4 in Transmutations
  1699 | D:2      | Reached XP level 4. HP: 32/32 MP: 3/7
  2602 | D:3      | Noticed Natasha
  2631 | D:3      | Killed Natasha
  2631 | D:3      | Reached skill level 5 in Transmutations
  2796 | D:3      | Reached XP level 5. HP: 31/37 MP: 8/8
  2860 | D:3      | Noticed Natasha
  2881 | D:3      | Killed Natasha
  2881 | D:3      | Reached skill level 6 in Transmutations
  3043 | D:3      | Noticed Terence
  3247 | D:3      | Killed Terence
  3247 | D:3      | Reached skill level 7 in Transmutations
  3247 | D:3      | Reached XP level 6. HP: 38/43 MP: 9/9
  3442 | D:3      | Reached skill level 5 in Unarmed Combat
  3746 | D:3      | Noticed Natasha
  4065 | D:3      | Found a sparkling altar of Nemelex Xobeh.
  4092 | D:3      | Killed Natasha
  4093 | D:3      | Found a faded altar to an unknown god.
  4125 | D:3      | Found a sacrificial altar of Ru.
  4180 | D:3      | Reached XP level 7. HP: 40/49 MP: 10/10
  4683 | D:4      | Found a staircase to the Ecumenical Temple.
  4694 | Temple   | Entered the Ecumenical Temple
  4786 | Temple   | Became a worshipper of Warmaster Okawaru
  5065 | D:4      | Found an oddly glowing altar of Pakellas.
  5476 | D:4      | Reached * piety under Okawaru
  5476 | D:4      | Reached XP level 8. HP: 58/58 MP: 11/11
  5499 | D:4      | Reached skill level 5 in Dodging
  5558 | D:4      | Learned a level 5 spell: Blade Hands
  6036 | D:4      | Found a glowing golden altar of the Shining One.
  6067 | D:5      | Entered Level 5 of the Dungeon
  6206 | D:5      | Found a blossoming altar of Fedhas.
  6246 | D:5      | Found a burning altar of Makhleb.
  6560 | D:5      | Found Igeniv's General Store.
  6716 | D:5      | Gained mutation: You are surrounded by a mild repulsion field (EV +2). [potion of mutation]
  6716 | D:5      | Gained mutation: You have a pair of small antennae on your head. [potion of mutation]
  6716 | D:5      | Gained mutation: Your flesh is cold resistant. [potion of mutation]
  6841 | D:5      | Found Xiemilaa's Antique Weapon Shop.
  6898 | D:5      | Found Zenod's Distillery.
  6949 | D:5      | Found Zioth's Assorted Antiques.
  7325 | D:6      | Reached ** piety under Okawaru
  7325 | D:6      | Reached skill level 5 in Fighting
  7325 | D:6      | Reached XP level 9. HP: 61/68 MP: 12/12
  7379 | D:6      | Gained mutation: You expend magic power (3 MP) to strengthen your wands. [mutagenic meat]
  7380 | D:6      | Gained mutation: You are somewhat resistant to further mutation. [mutagenic meat]
  7381 | D:6      | Lost mutation: You expend magic power (3 MP) to strengthen your wands. [mutagenic meat]
  7450 | D:6      | Found a shattered altar of Ashenzari.
  9301 | D:7      | Noticed Menkaure
  9319 | D:7      | HP: 3/70 [Menkaure/nerve-wracking pain (11)]
  9321 | D:7      | Killed Menkaure
  9321 | D:7      | Reached skill level 10 in Unarmed Combat
  9680 | D:7      | Reached *** piety under Okawaru
  9726 | D:7      | Noticed Joseph
  9743 | D:7      | Killed Joseph
  9743 | D:7      | Reached skill level 8 in Transmutations
  9893 | D:7      | Found an opulent altar of Gozag.
  9938 | D:7      | Reached XP level 10. HP: 77/77 MP: 13/13
 10063 | D:7      | Noticed Pikel
 10077 | D:7      | Killed Pikel
 10077 | D:7      | Reached skill level 9 in Transmutations
 10293 | D:7      | Learned a level 4 spell: Ice Form
 10699 | D:8      | Reached **** piety under Okawaru
 10705 | D:8      | Reached skill level 10 in Transmutations
 11823 | D:9      | Found a staircase to the Lair.
 11831 | D:9      | Noticed an elephant
 11863 | D:9      | Killed an elephant
 11863 | D:9      | Received a gift from Okawaru
 12115 | D:9      | Found a flagged portal.
 12145 | Bailey   | Entered a bailey
 12443 | Bailey   | Reached skill level 11 in Transmutations
 13196 | Bailey   | Noticed an orc knight
 13212 | Bailey   | Killed an orc knight
 13212 | Bailey   | Reached skill level 10 in Dodging
 13212 | Bailey   | Reached XP level 11. HP: 24/87 MP: 14/14
 13221 | Bailey   | Mangled by an orc warrior

Skill      XL: |  1  2  3  4  5  6  7  8  9 10 |
---------------+-------------------------------+-----
Unarmed Combat | 4 5 7 8 10 | 10.0
Transmutations | 4 5 7 8 11 | 11.6
Dodging        | 3 4 6 8 10 | 10.1
Fighting       | 3 5 6 8 |  8.7
Spellcasting   | |  2.0

Action                   |  1- 3 |  4- 6 |  7- 9 | 10-12 || total
-------------------------+-------+-------+-------+-------++-------
Melee: Unarmed           |   105 |   216 |   348 |   251 ||   920
       Headbutt          |     2 |       |       |       ||     2
       Punch             |     1 |     2 |     4 |     2 ||     9
       Tailslap          |       |       |       |     1 ||     1
 Cast: Beastly Appendage |     4 |       |       |       ||     4
       Spider Form       |     3 |    17 |    32 |    13 ||    65
       Blade Hands       |       |       |     2 |     7 ||     9
       Ice Form          |       |       |       |     4 ||     4
Invok: Heroism           |       |       |     2 |       ||     2
Evoke: Wand              |       |       |     2 |     3 ||     5
  Use: Scroll            |       |     2 |    11 |     6 ||    19
       Potion            |       |     1 |     7 |       ||     8
 Stab: Sleeping          |       |       |     4 |     1 ||     5
       Distracted        |       |       |       |     1 ||     1
       Confused          |       |       |       |     1 ||     1
  Eat: Chunk             |     3 |    12 |    24 |    17 ||    56
       Meat ration       |       |       |     1 |       ||     1
       Pizza             |       |       |     1 |       ||     1
Armor: Robe              |    12 |     7 |    11 |     7 ||    37
       Skin              |     1 |    14 |     4 |     3 ||    22
Dodge: Dodged            |    67 |   150 |   401 |   272 ||   890
